 Dungeon Crawl Stone Soup version 0.23.1 (webtiles) character file.

Game seed: 0

148738 Fang the Warrior (level 17, -2/116 HPs)
             Began as a Gargoyle Berserker on Mar 12, 2019.
             Was the Champion of Trog.
             Slain by a spiny frog (12 damage)
             ... called by a spriggan druid
             ... on level 4 of the Swamp.
             The game lasted 00:38:14 (28096 turns).

Fang the Warrior (Gargoyle Berserker)              Turns: 28096, Time: 00:38:15

Health: -2/116     AC: 41    Str: 26    XL:     17   Next: 49%
Magic:  15/15      EV: 20    Int: 12    God:    Trog [******]
Gold:   2894       SH:  0    Dex:  9    Spells: 16/16 levels left

rFire    + . .     SeeInvis .   a - +1 battleaxe (flame)
rCold    . . .     Gourm    +   (shield currently unavailable)
rNeg     + . .     Faith    .   A - +4 fire dragon scales
rPois    ∞         Spirit   .   t - +2 hat {MR+}
rElec    +         Reflect  .   v - +2 cloak {+Inv}
rCorr    .         Harm     .   R - +3 pair of gauntlets of War {Slay+5}
MR       ++...     Rnd*Rage +   (no boots)
Stlth    ..........             M - amulet of the gourmand
HPRegen  0.69/turn              z - ring of Hedonism {Ice Int+2}
MPRegen  0.14/turn              S - +4 ring of evasion

@: about to teleport, flying
A: big wings, berserk 1, low mp 1, negative energy resistance 1, regeneration 1,
electricity resistance, unbreathing, petrification resistance, rot immunity, AC
+12
a: Stop Flying, Berserk, Trog's Hand, Brothers in Arms, Renounce Religion, Evoke
Invisibility


You were on level 4 of the Swamp.
You worshipped Trog.
Trog was exalted by your worship.
You were completely stuffed.

You visited 7 branches of the dungeon, and saw 30 of its levels.
You also visited: Bailey and Gauntlet.

You collected 2958 gold pieces.
You spent 64 gold pieces at shops.

Inventory:

Hand Weapons
 a - a +1 battleaxe of flaming (weapon)
 f - a +6 battleaxe of freezing
 o - the +9 broad axe of Theory {freeze, rPois rC+ rN++ Stlth+}
   (You found it on level 2 of the Orcish Mines)

   It has been specially enchanted to freeze those struck by it, causing extra
   injury to most foes and up to half again as much damage against particularly
   susceptible opponents.
   It can also slow down cold-blooded creatures.
   It protects you from cold.
   It protects you from poison.
   It greatly protects you from negative energy.
   It makes you more stealthy.
 p - the +7 broad axe of Distant Worlds {drain, Int+3}
   (You acquired it on level 3 of the Lair of Beasts)

   A truly terrible weapon, it drains the life of those it strikes.
   It affects your intelligence (+3).
 u - a +1 battleaxe of electrocution
 H - the +4 battleaxe "Enybeir" {antimagic, *Slow rC+ Dex+6}
   (Trog gifted it to you on level 10 of the Dungeon)

   It reduces the magical energy of the wielder, and disrupts the spells and
   magical abilities of those hit.
   Natural abilities and divine invocations are not affected.
   It affects your dexterity (+6).
   It protects you from cold.
   It may slow you when you take damage.
 Q - a +3 antimagic executioner's axe
 Y - a +3 war axe of chopping
Armour
 s - a +2 pair of gloves of strength
 t - a +2 hat of magic resistance (worn)
 v - a +2 cloak of invisibility (worn)
 A - +4 fire dragon scales (worn)
 N - a scarf of resistance
 P - a scarf of spirit shield
 R - the +3 pair of gauntlets of War (worn) {Slay+5}
   (You found it on level 2 of the Lair of Beasts)

   It affects your accuracy and damage with ranged weapons and melee attacks
   (+5).
Jewellery
 z - the ring of Hedonism (left hand) {Ice Int+2}
   (You found it on level 8 of the Dungeon)

   [ring of ice]

   It enhances your ice magic.
   It affects your intelligence (+2).
   It makes you vulnerable to fire.
   It protects you from cold.
 M - an amulet of the gourmand (around neck)
 S - a +4 ring of evasion (right hand)
 T - an uncursed ring of protection from fire
 X - an uncursed ring of stealth
Wands
 k - a wand of flame (42)
 w - a wand of disintegration (27)
 y - a wand of acid (11)
 B - a wand of random effects (40)
 I - a wand of paralysis (38)
 J - a wand of clouds (16)
 K - a wand of digging (5)
 O - a wand of polymorph (28)
 W - a wand of iceblast (7)
 Z - a wand of enslavement (4)
Scrolls
 e - a scroll of summoning
 g - 18 scrolls of remove curse
 i - 6 scrolls of teleportation
 m - 4 scrolls of identify
 r - 2 scrolls of magic mapping
 D - 5 scrolls of fog
 E - 3 scrolls of blinking
 L - 4 scrolls of fear
Potions
 b - 4 potions of brilliance
 d - 6 potions of curing
 h - 4 potions of invisibility
 j - 5 potions of might
 l - 7 potions of agility
 n - 3 potions of ambrosia
 x - 4 potions of haste
 C - a potion of berserk rage
 F - 2 potions of heal wounds
 G - 2 potions of magic
 U - a potion of mutation
 V - a potion of resistance
Comestibles
 c - 58 rations


   Skills:
 + Level 16.6 Fighting
 + Level 14.3 Axes
 + Level 16.4 Armour
 + Level 13.2 Dodging


You had 16 spell levels left.
You didn't know any spells.
Your spell library was empty.

Dungeon Overview and Level Annotations

Branches:
Dungeon (15/15)            Temple (1/1) D:6            Lair (6/6) D:11
  Swamp (4/4) Lair:4        Snake (1/4) Lair:3        Slime (1/5) Lair:5
    Orc (2/2) D:12            Elf (0/3) Orc:2        Vaults (0/5) D:14
 Depths (0/5) D:15

Altars:
Ashenzari
Dithmenos
Elyvilon
Fedhas
Hepliaklqana
Qazlal
Sif Muna
Uskayaw
Beogh
Jiyva

Shops:
D:4 *   D:13 ?*   D:14 *   Orc:2 !(([

Annotations:
D:8 2 runed translucent doors
Lair:2 exclusion: oklob plant
Swamp:1 exclusion: Roxanne, Roxanne


Innate Abilities, Weirdness & Mutations

You are resistant to torment.
Your stone body is resilient. (AC +12)
You are immune to poison.
Your large and strong wings let you fly indefinitely.
You resist negative energy. (rN+)
You are resistant to electric shocks. (rElec)
You can survive without breathing.
You are immune to petrification.
You are immune to rotting.
You tend to lose your temper in combat.
Your magical capacity is low. (-10% MP)
Your natural rate of healing is unusually fast.


Message History

The spriggan druid seems to grow stronger.
The spiny frog stings you but does no damage.
You hack one of the seven-headed hydra's heads off!
The flame cauterises the wound!
You slice the six-headed hydra!! You burn the six-headed hydra.
The six-headed hydra is heavily wounded.
You barely miss the spriggan druid. You hit the spiny frog.
You burn the spiny frog. You barely miss the swamp drake.
The spriggan druid seems less confused.
The swamp drake misses you. The six-headed hydra barely misses you.
The six-headed hydra bites you but does no damage.
The six-headed hydra completely misses you.
The six-headed hydra bites you but does no damage.
The six-headed hydra bites you.
The six-headed hydra bites you but does no damage.
The spriggan druid gestures at you while chanting.
The stone arrow hits you!!
* * * LOW HITPOINT WARNING * * *
The spiny frog stings you!
You die...

.♣...≈§♣♣♣♣.♣♣♣§♣♣♣.≈...♣
....≈..≈♣≈§≈.♣.≈≈♣.≈≈≈.♣♣
♣....≈≈..♣♣≈.≈♣≈≈≈≈..♣
♣...≈?..≈....≈.≈.♣≈§≈.
♣..♣♣..≈†.≈..♣..≈♣.♣♣.≈≈§
....≈...≈....[)≈..♣♣♣♣...
.≈.≈♣.♣...≈..†.....♣ ♣♣♣♣
...≈♣.♣kD≈.≈..≈..≈≈♣ ♣♣
.♣≈.≈.≈†@≈..≈≈.≈....♣ ♣≈
♣≈≈.≈..F†i.≈.....≈≈.≈♣♣♣.
♣♣≈.≈..†.≈k.≈≈.....§♣♣♣≈≈
♣.≈..≈.†§#≈.≈≈.≈♣.♣♣♣♣≈..
♣♣..♣≈≈≈###≈#♣≈.≈♣♣ ♣♣..
♣♣♣.§♣## ♣##♣#♣≈.♣ ♣♣†
♣≈.# ♣≈≈♣ ♣♣.. ♣§.# #≈≈
♣≈.≈ .≈♣ ♣. ♣♣.≈


You could see a six-headed hydra, a spriggan druid, a spiny frog, a rime drake
and a swamp drake.

Vanquished Creatures
  Jorgrun (D:12)
  Gastronok (Lair:3)
  Kirke (Swamp:1)
  An orc warlord (Orc:2)
  A very ugly thing (Swamp:3)
  A stone giant (Orc:2)
  Nessos (Orc:2)
  Snorg (Lair:3)
  A fire dragon (D:14)
  Fannar (Lair:1)
  2 naga warriors (Snake:1)
  15 hydras
  6 shambling mangroves
  3 ghost crabs
  2 catoblepae (Lair:6)
  2 anacondas (Snake:1)
  3 centaur warriors
  10 alligators
  An ogre mage (D:12)
  2 death knights (D:13)
  4 two-headed ogres
  A tengu warrior (D:13)
  A death yak (Lair:6)
  2 naga sharpshooters (Snake:1)
  5 orc high priests (Orc:2)
  Nergalle (Lair:1)
  2 spriggans (Swamp:2)
  3 skeletal warriors (D:13)
  2 sea snakes (Snake:1)
  A deep troll (D:14)
  A spriggan druid (Swamp:4)
  A wizard (D:12)
  An unseen horror (D:15)
  A glowing orange brain (D:15)
  2 naga ritualists (Snake:1)
  4 swamp dragons (Swamp:4)
  A phantasmal warrior (D:13)
  6 mana vipers (Snake:1)
  4 deep elf magi
  6 orc knights
  2 manticores
  An orb spider (shapeshifter) (D:15)
  4 orc sorcerers (Orc:2)
  7 ugly things
  2 salamanders (Snake:1)
  Maurice (D:12)
  5 cyclopes
  6 elephants (Lair:6)
  4 naga magi
  Psyche (D:8)
  7 black mambas
  31 spiny frogs
  A gargoyle (D:15)
  A kobold demonologist (D:14)
  A rime drake (Swamp:4)
  A freezing wraith (D:13)
  7 komodo dragons
  An efreet (D:13)
  9 trolls
  13 tyrant leeches
  3 meliai (D:13)
  2 polar bears (Lair:1)
  8 hornets
  A hornet (shapeshifter) (D:15)
  A meliai zombie (D:14)
  34 blink frogs
  15 slime creatures
  17 hippogriffs
  5 bog bodies
  A spriggan (shapeshifter) (D:14)
  Sigmund (D:6)
  A shadow (D:13)
  2 vampires (D:13)
  7 wraiths
  A water elemental (D:14)
  6 hogs
  A human (D:10)
  2 basilisks
  27 yaks
  21 vampire mosquitoes
  2 wyverns
  8 nagas (Snake:1)
  16 swamp worms
  A naga (shapeshifter) (D:14)
  2 soldier ants (D:8)
  3 wargs
  A swamp worm (shapeshifter) (D:15)
  13 insubstantial wisps
  21 water moccasins
  5 sky beasts
  46 orc warriors
  16 porcupines
  2 black bears
  A necrophage (D:10)
  10 swamp drakes
  A phantom (D:7)
  4 ice beasts
  An eye of draining (shapeshifter) (D:13)
  6 wolves (Lair:2)
  12 centaurs
  9 ogres
  7 crocodiles
  3 big kobolds
  25 bullfrogs
  2 wyvern skeletons
  12 scorpions
  19 killer bees
  7 wights
  3 electric eels
  A howler monkey (D:5)
  9 crimson imps
  A bullfrog zombie (D:6)
  3 centaur zombies
  6 bullfrog skeletons
  5 jellies
  30 orc priests
  A gnoll shaman (D:8)
  6 hounds
  4 centaur skeletons
  6 iguanas
  18 orc wizards
  12 worker ants
  3 hound skeletons
  A gnoll (Bailey)
  A howler monkey skeleton (D:6)
  2 river rats (D:11)
  13 adders
  3 shadow imps
  2 oozes (D:1)
  2 adder skeletons (D:6)
  An adder zombie (D:10)
  2 worms (D:2)
  5 leopard geckos
  104 orcs
  8 bats
  3 giant cockroaches
  9 goblins
  6 hobgoblins
  7 jackals
  30 kobolds
  3 quokkas
  6 frilled lizards
  7 rats
  A butterfly (Lair:5)
  8 fungi
  11 plants
964 creatures vanquished.

Vanquished Creatures (collateral kills)
  A hydra (Lair:1)
  A polar bear (Lair:1)
  A water moccasin (D:8)
3 creatures vanquished.

Vanquished Creatures (others)
  A basilisk (shapeshifter) (D:15)
  2 insubstantial wisps (Swamp:3)
  An orc wizard (Orc:2)
  2 orcs (D:12)
  A demonic plant (Gauntlet)
  27 fungi
  40 plants
74 creatures vanquished.

Grand Total: 1041 creatures vanquished

Notes
Turn   | Place    | Note
-------+----------+-------------------------------------------
     0 | D:1      | Fang the Gargoyle Berserker began the quest for the Orb.
     0 | D:1      | Reached XP level 1. HP: 14/14 MP: 1/1
   248 | D:1      | Reached XP level 2. HP: 6/19 MP: 2/2
   678 | D:1      | Reached XP level 3. HP: 23/23 MP: 3/3
   992 | D:1      | Reached ** piety under Trog
  1261 | D:2      | Reached XP level 4. HP: 21/29 MP: 4/4
  1371 | D:2      | Found a shattered altar of Ashenzari.
  2700 | D:4      | Reached XP level 5. HP: 30/33 MP: 5/5
  2719 | D:4      | Found Uhio's General Store.
  2771 | D:4      | Found a blossoming altar of Fedhas.
  2792 | D:4      | Reached XP level 6. HP: 19/39 MP: 6/6
  2909 | D:4      | Found a stormy altar of Qazlal.
  3466 | D:4      | Reached skill level 5 in Fighting
  3565 | D:5      | Entered Level 5 of the Dungeon
  3573 | D:5      | Reached XP level 7. HP: 37/44 MP: 7/7
  3735 | D:5      | Found a hide-covered altar of Uskayaw.
  3753 | D:5      | Reached *** piety under Trog
  3815 | D:5      | Reached skill level 5 in Armour
  4172 | D:6      | Noticed Sigmund
  4339 | D:6      | Killed Sigmund
  4339 | D:6      | Reached XP level 8. HP: 42/51 MP: 8/8
  4356 | D:6      | Reached skill level 5 in Axes
  4638 | D:6      | Found a staircase to the Ecumenical Temple.
  5135 | D:7      | Reached XP level 9. HP: 29/56 MP: 9/9
  5307 | D:7      | Reached skill level 5 in Dodging
  5376 | D:7      | Reached **** piety under Trog
  6056 | D:8      | Found a white marble altar of Elyvilon.
  6430 | D:8      | Noticed Psyche
  6456 | D:8      | Reached XP level 10. HP: 10/64 MP: 10/10
  6918 | D:8      | Noticed a centaur warrior
  6929 | D:8      | Killed a centaur warrior
  6964 | D:8      | Identified the Incunabulum of the Glacier and
                  | Weightlessness
  6974 | D:8      | Got a brightly glowing golden ring
  6975 | D:8      | Identified the ring of Hedonism {Ice Int+2} (You found it
                  | on level 8 of the Dungeon)
  7037 | D:8      | Found a runed translucent door.
  7037 | D:8      | Found a runed translucent door.
  7142 | D:8      | Killed Psyche
  7694 | D:9      | Found a deep blue altar of Sif Muna.
  7909 | D:9      | Found a hazy altar of Hepliaklqana.
  7959 | D:9      | Reached ***** piety under Trog
  8317 | D:10     | Entered Level 10 of the Dungeon
  8394 | D:10     | Reached XP level 11. HP: 38/71 MP: 11/11
  8729 | D:10     | Received a gift from Trog
  8731 | D:10     | Reached skill level 10 in Fighting
  8737 | D:10     | Got an ivory battleaxe {god gift}
  8987 | D:10     | Identified the +4 battleaxe "Enybeir" {antimagic, *Slow rC+
                  | Dex+6} (Trog gifted it to you on level 10 of the Dungeon)
  9518 | D:10     | Noticed an orc knight
  9527 | D:10     | Reached skill level 10 in Armour
  9532 | D:10     | Killed an orc knight
 10022 | D:11     | Noticed a brown ugly thing
 10040 | D:11     | Killed a brown ugly thing
 10415 | D:11     | Noticed a two-headed ogre
 10421 | D:11     | Killed a two-headed ogre
 10748 | D:11     | Reached XP level 12. HP: 68/79 MP: 4/12
 10869 | D:11     | Found a staircase to the Lair.
 11060 | Lair:1   | Entered Level 1 of the Lair of Beasts
 11088 | Lair:1   | Noticed Fannar
 11123 | Lair:1   | Killed Fannar
 11130 | Lair:1   | Noticed a seven-headed hydra
 11138 | Lair:1   | Killed a seven-headed hydra
 11471 | Lair:1   | Received a gift from Trog
 11555 | Lair:1   | Reached skill level 10 in Axes
 11611 | Lair:1   | Noticed Nergalle
 11618 | Lair:1   | Killed Nergalle
 12001 | Lair:1   | You fall through a shaft!
 12001 | Lair:2   | Found the +3 pair of gauntlets of War {Slay+5}
 12364 | Lair:2   | Reached XP level 13. HP: 83/86 MP: 4/13
 13492 | Lair:3   | Noticed Snorg
 13506 | Lair:3   | Killed Snorg
 13568 | Lair:3   | Identified a scroll of acquirement
 13571 | Lair:3   | Got an iridescent broad axe
 13572 | Lair:3   | Identified the +7 broad axe of Distant Worlds {drain,
                  | Int+3} (You acquired it on level 3 of the Lair of Beasts)
 13831 | Lair:3   | Found a staircase to the Snake Pit.
 13870 | Lair:3   | Noticed Gastronok
 13884 | Lair:3   | Killed Gastronok
 14621 | Lair:4   | Reached skill level 10 in Dodging
 14979 | Lair:4   | Found a staircase to the Swamp.
 15737 | Lair:5   | Found a gate leading to a gauntlet.
 16026 | Gauntlet | Entered a Gauntlet
 16026 | Gauntlet | Found a transporter.
 16040 | Gauntlet | Found a transporter.
 16042 | Gauntlet | Found a transporter.
 16042 | Gauntlet | Noticed a balrug
 16043 | Gauntlet | Found a transporter.
 16046 | Gauntlet | Found a transporter.
 16047 | Gauntlet | Found a transporter.
 16059 | Gauntlet | Found a transporter.
 16197 | Lair:5   | Found a viscous altar of Jiyva.
 16198 | Lair:5   | Found a staircase to the Slime Pits.
 16667 | Slime:1  | Entered Level 1 of the Pits of Slime
 16723 | Lair:6   | Entered Level 6 of the Lair of Beasts
 16748 | Lair:6   | Gained mutation: Your large and strong wings let you fly
                  | indefinitely. [Gargoyle growth]
 16748 | Lair:6   | Reached XP level 14. HP: 89/94 MP: 14/14
 16760 | Lair:6   | Received a gift from Trog
 17436 | Lair:6   | Reached ****** piety under Trog
 17940 | D:12     | Noticed Jorgrun
 17952 | D:12     | Killed Jorgrun
 18222 | D:12     | Found a staircase to the Orcish Mines.
 18253 | D:12     | Noticed Maurice
 18261 | D:12     | Killed Maurice
 18551 | D:12     | Reached XP level 15. HP: 31/100 MP: 15/15
 19102 | D:12     | Found the +12 glaive of Prune {chop}
 19420 | D:13     | Found Erehekh's Magic Scroll Boutique.
 19423 | D:13     | Bought a scroll of identify for 32 gold pieces
 19423 | D:13     | Bought a scroll of identify for 32 gold pieces
 19593 | D:13     | Found Lezutao's Assorted Antiques.
 19692 | D:13     | Received a gift from Trog
 20253 | D:13     | Found a stormy altar of Qazlal.
 20565 | D:14     | Found Heum's Assorted Antiques.
 20898 | D:14     | Found a gate to the Vaults.
 21321 | D:15     | Entered Level 15 of the Dungeon
 21893 | D:15     | Found a shadowy altar of Dithmenos.
 22107 | D:15     | Found a staircase to the Depths.
 22434 | Orc:1    | Entered Level 1 of the Orcish Mines
 22442 | Orc:1    | Received a gift from Trog
 22614 | Orc:1    | Found a flagged portal.
 22874 | Bailey   | Entered a bailey
 22974 | Bailey   | Found a bloodstained altar of Trog.
 23058 | Orc:2    | Entered Level 2 of the Orcish Mines
 23107 | Orc:2    | Reached skill level 15 in Fighting
 23298 | Orc:2    | Got a warped broad axe
 23299 | Orc:2    | Identified the +9 broad axe of Theory {freeze, rPois rC+
                  | rN++ Stlth+} (You found it on level 2 of the Orcish Mines)
 23300 | Orc:2    | Gained mutation: Your magical capacity is low. (-10% MP)
                  | [potion of mutation]
 23300 | Orc:2    | Gained mutation: You tend to lose your temper in combat.
                  | [potion of mutation]
 23300 | Orc:2    | Gained mutation: Your natural rate of healing is unusually
                  | fast. [potion of mutation]
 23465 | Orc:2    | Found a staircase to the Elven Halls.
 23577 | Orc:2    | Found a roughly hewn altar of Beogh.
 23577 | Orc:2    | Noticed Nessos
 23582 | Orc:2    | Noticed an orc warlord
 23592 | Orc:2    | Received a gift from Trog
 23606 | Orc:2    | Killed an orc warlord
 23617 | Orc:2    | Killed Nessos
 23617 | Orc:2    | Reached skill level 15 in Armour
 23729 | Orc:2    | Found Bantolel's Antique Armour Shop.
 23745 | Orc:2    | Reached XP level 16. HP: 88/108 MP: 14/14
 23775 | Orc:2    | Found Cisoz's Antique Weapon Shoppe.
 24157 | Orc:2    | Received a gift from Trog
 24345 | Orc:2    | Found a roughly hewn altar of Beogh.
 24465 | Orc:2    | Found Myofit's Weapon Emporium.
 24484 | Orc:2    | Found Nilawek's Distillery.
 24887 | Temple   | Entered the Ecumenical Temple
 25171 | Snake:1  | Entered Level 1 of the Snake Pit
 26027 | Swamp:1  | Entered Level 1 of the Swamp
 26080 | Swamp:1  | Received a gift from Trog
 26199 | Swamp:1  | Noticed Roxanne
 26213 | Swamp:1  | Noticed Kirke
 26227 | Swamp:1  | Killed Kirke
 26287 | Swamp:1  | You are sucked into a shaft!
 26910 | Swamp:3  | Reached XP level 17. HP: 115/115 MP: 15/15
 27116 | Swamp:3  | Received a gift from Trog
 27710 | Swamp:4  | Entered Level 4 of the Swamp
 28096 | Swamp:4  | Slain by a spiny frog

Skill      XL: |  1  2  3  4  5  6  7  8  9 10 11 12 13 14 15 16 17 |
---------------+----------------------------------------------------+-----
Axes           | 3 4 5 6 8 9 10 11 12 13 14 | 14.3
Dodging        | 2 3 4 6 7 8 9 10 11 12 13 | 13.2
Armour         | 3 4 5 6 7 9 10 11 12 14 15 16 | 16.4
Fighting       | 4 5 6 8 9 10 12 13 14 15 16 | 16.6

Action                   |  1- 3 |  4- 6 |  7- 9 | 10-12 | 13-15 | 16-18 || total
-------------------------+-------+-------+-------+-------+-------+-------++-------
Melee: Hand axe          |    97 |    76 |       |       |       |       ||   173
       War axe           |       |    70 |   328 |       |       |       ||   398
       Battleaxe         |       |       |    78 |   560 |    57 |   418 ||  1113
       Executioner's axe |       |       |       |     4 |       |       ||     4
       Broad axe         |       |       |       |       |   961 |   210 ||  1171
Invok: Trog's Hand       |       |       |     2 |       |       |       ||     2
       Berserk           |       |       |     5 |     6 |     2 |     1 ||    14
       Brothers in Arms  |       |       |       |     2 |       |       ||     2
 Abil: Fly               |       |       |       |       |     1 |       ||     1
  Use: Scroll            |       |       |    12 |    11 |    14 |     6 ||    43
       Potion            |       |       |       |       |     3 |     2 ||     5
 Stab: Petrified         |       |       |       |       |     2 |       ||     2
       Confused          |       |       |       |       |       |     6 ||     6
  Eat: Chunk             |     1 |     8 |    15 |    38 |    40 |    15 ||   117
Armor: Animal skin       |    31 |     8 |       |       |       |       ||    39
       Scale mail        |       |    24 |       |       |       |       ||    24
       Chain mail        |       |    54 |   158 |       |       |       ||   212
       Plate armour      |       |       |   266 |    26 |       |       ||   292
       Fire dragon scale |       |       |       |   432 |   571 |   385 ||  1388
Dodge: Dodged            |    65 |    75 |   269 |   637 |  1032 |   647 ||  2725
